| TOP OF THE 1ST |
|
Erie SeaWolves batting - Pitching for Akron RubberDucks : RHP David Matheney
|
|
Pitching: RHP David Matheney
|
|
|
Batting: RHB Eric Angelle
|
0-0: Ball 1-0: Called Strike 1-1: Foul Ball, location: 2F 1-2: Foul Ball, location: 2F 1-2: Strikes out swinging
|
|
Batting: RHB Tony Soto
|
0-0: Foul Ball, location: 2F 0-1: Ground out 6-3 (Groundball, 6, EV 83.8 MPH)
|
|
Batting: RHB Adam MacConnell
|
0-0: Called Strike 0-1: SINGLE (Groundball, 34D, EV 98.8 MPH)
|
|
Batting: RHB Carlos Armenteros
|
0-0: Foul Ball, location: 2F 0-1: Ball 1-1: Fly out, F9 (Flyball, 9S, EV 88.8 MPH)
|
| Top of the 1st over - 0 runs, 1 hit, 0 errors, 1 left on base; Erie 0 - Akron 0 |
| BOTTOM OF THE 1ST |
|
Akron RubberDucks batting - Pitching for Erie SeaWolves : RHP Jerome Stady
|
|
Pitching: RHP Jerome Stady
|
|
|
Batting: LHB Robby Dann
|
0-0: Called Strike 0-1: Ground out U3 (Groundball, 3L, EV 104.4 MPH)
|
|
Batting: LHB Kazuyoshi Nakamura
|
0-0: DOUBLE (Groundball, 3L, EV 98.8 MPH)
|
|
Batting: SHB Valentin Laporte
|
0-0: Called Strike 0-1: Ball 1-1: Foul Ball, location: 2F 1-2: Ground out 4-3 (Groundball, 4, EV 78.8 MPH) Kazuyoshi Nakamura to third
|
|
Batting: LHB Esteban Cordova
|
0-0: Ball 1-0: Ball 2-0: Ball 3-0: Base on Balls
|
|
Batting: SHB Jarrod Lindblad
|
0-0: Fly out, F7 (Line Drive, 7, EV 111.2 MPH)
|
| Bottom of the 1st over - 0 runs, 1 hit, 0 errors, 2 left on base; Erie 0 - Akron 0 |
| TOP OF THE 2ND |
|
Erie SeaWolves batting - Pitching for Akron RubberDucks : RHP David Matheney
|
|
Batting: RHB Benny O'Connor
|
0-0: Called Strike 0-1: Ball 1-1: Foul Ball, location: 2F 1-2: Fly out, F9 (Line Drive, 9S, EV 106.2 MPH)
|
|
Batting: SHB Sean Foley
|
0-0: Called Strike 0-1: Swinging Strike 0-2: Fly out, F3 (Line Drive, 3L, EV 66.2 MPH)
|
|
Batting: RHB Jose Evangelista
|
0-0: Called Strike 0-1: Foul Ball, location: 2F 0-2: Strikes out swinging
|
| Top of the 2nd over - 0 runs, 0 hits, 0 errors, 0 left on base; Erie 0 - Akron 0 |
| BOTTOM OF THE 2ND |
|
Akron RubberDucks batting - Pitching for Erie SeaWolves : RHP Jerome Stady
|
|
Batting: RHB Justin Lauderdale
|
0-0: SINGLE (Groundball, 4MD, EV 95.0 MPH)
|
|
Batting: RHB Jose Valtierra
|
0-0: Ball 1-0: Called Strike 1-1: Called Strike 1-2: Ball 2-2: Ball 3-2: SINGLE (Groundball, 34D, EV 105.0 MPH) Justin Lauderdale to second Justin Lauderdale to third
|
|
Batting: RHB David Matheney
|
0-0: Foul Ball, location: 2F 0-1: Called Strike 0-2: Ball 1-2: Foul Ball, location: 2F 1-2: Ball 2-2: Strikes out swinging
|
|
Batting: SHB Javon Mitchell
|
0-0: Called Strike 0-1: Swinging Strike 0-2: Strikes out swinging
|
|
Batting: LHB Robby Dann
|
0-0: SINGLE (Groundball, 3S, EV 75.0 MPH) (infield hit) Justin Lauderdale scores Jose Valtierra to second
|
|
Batting: LHB Kazuyoshi Nakamura
|
0-0: Called Strike 0-1: Ball 1-1: Foul Ball, location: 2F 1-2: Ball 2-2: Ball 3-2: Foul Ball, location: 2F 3-2: Foul Ball, location: 2F 3-2: Strikes out swinging
|
| Bottom of the 2nd over - 1 run, 3 hits, 0 errors, 2 left on base; Erie 0 - Akron 1 |
| TOP OF THE 3RD |
|
Erie SeaWolves batting - Pitching for Akron RubberDucks : RHP David Matheney
|
|
Batting: LHB Nick Nino
|
0-0: Called Strike 0-1: Foul Ball, location: 2F 0-2: Ball 1-2: Foul Ball, location: 2F 1-2: Ball 2-2: Ground out 6-3 (Groundball, 6, EV 78.1 MPH)
|
|
Batting: RHB Mike Sebastian
|
0-0: Ball 1-0: Called Strike 1-1: Fly out, F8 (Flyball, 8LM, EV 99.4 MPH)
|
|
Batting: RHB Eric Angelle
|
0-0: Called Strike 0-1: Swinging Strike 0-2: Ball 1-2: SINGLE (Line Drive, 8LS, EV 105.0 MPH)
|
|
Batting: RHB Tony Soto
|
0-0: Ball 1-0: Called Strike 1-1: Fielders Choice at 2nd, 6-4 (Groundball, 6, EV 80.6 MPH)
|
| Top of the 3rd over - 0 runs, 1 hit, 0 errors, 1 left on base; Erie 0 - Akron 1 |
| BOTTOM OF THE 3RD |
|
Akron RubberDucks batting - Pitching for Erie SeaWolves : RHP Jerome Stady
|
|
Batting: SHB Valentin Laporte
|
0-0: Ball 1-0: Ball 2-0: Ball 3-0: Called Strike 3-1: Foul Ball, location: 2F 3-2: Base on Balls
|
|
Batting: LHB Esteban Cordova
|
0-0: Called Strike 0-1: Swinging Strike 0-2: Fielders Choice at 2nd, 5-6 (Groundball, 5, EV 92.5 MPH)
|
|
Batting: SHB Jarrod Lindblad
|
0-0: Ball 1-0: Called Strike 1-1: Swinging Strike 1-2: Strikes out swinging
|
|
Batting: RHB Justin Lauderdale
|
0-0: Foul Ball, location: 2F 0-1: Ball 1-1: Fly out, F8 (Flyball, 8RXD, EV 82.5 MPH)
|
| Bottom of the 3rd over - 0 runs, 0 hits, 0 errors, 1 left on base; Erie 0 - Akron 1 |
| TOP OF THE 4TH |
|
Erie SeaWolves batting - Pitching for Akron RubberDucks : RHP David Matheney
|
|
Batting: RHB Adam MacConnell
|
0-0: Called Strike 0-1: Foul Ball, location: 2F 0-2: Foul Ball, location: 2F 0-2: Ball 1-2: Foul Ball, location: 2F 1-2: Foul Ball, location: 2F 1-2: Foul Ball, location: 2F 1-2: Strikes out looking
|
|
Batting: RHB Carlos Armenteros
|
0-0: Called Strike 0-1: Foul Ball, location: 2F 0-2: Foul Ball, location: 2F SINGLE, rundown, out at 1st!
|
|
Batting: RHB Benny O'Connor
|
0-0: Called Strike 0-1: Swinging Strike 0-2: Ball 1-2: Strikes out swinging
|
| Top of the 4th over - 0 runs, 1 hit, 0 errors, 0 left on base; Erie 0 - Akron 1 |
| BOTTOM OF THE 4TH |
|
Akron RubberDucks batting - Pitching for Erie SeaWolves : RHP Jerome Stady
|
|
Batting: RHB Jose Valtierra
|
0-0: Called Strike 0-1: DOUBLE (Flyball, 78D, EV 96.9 MPH)
|
|
Batting: RHB David Matheney
|
0-0: Ball 1-0: Ball 2-0: Foul Ball, location: 2F 2-1: SINGLE (Flyball, 8LS, EV 87.5 MPH) Jose Valtierra to third
|
|
Batting: SHB Javon Mitchell
|
0-0: Ball 1-0: Ball 2-0: Ball 3-0: Called Strike 3-1: Foul Ball, location: 2F 3-2: Fly out, F8 (Flyball, 8LD, EV 97.5 MPH) Runner from 3rd tags up, OUT at HOME! 8-2 David Matheney to second
|
|
Batting: LHB Robby Dann
|
0-0: Swinging Strike 0-1: Fly out, F9 (Flyball, 9, EV 76.2 MPH)
|
| Bottom of the 4th over - 0 runs, 2 hits, 0 errors, 1 left on base; Erie 0 - Akron 1 |
| TOP OF THE 5TH |
|
Erie SeaWolves batting - Pitching for Akron RubberDucks : RHP David Matheney
|
|
Batting: SHB Sean Foley
|
0-0: Called Strike 0-1: Ball 1-1: Fly out, F8 (Line Drive, 89M, EV 109.4 MPH)
|
|
Batting: RHB Jose Evangelista
|
0-0: Foul Ball, location: 2F 0-1: Ball 1-1: SINGLE (Groundball, 6MS, EV 65.0 MPH) (infield hit)
|
|
Batting: LHB Nick Nino
|
0-0: Called Strike 0-1: Foul Ball, location: 2F 0-2: Hit by Pitch Jose Evangelista to second
|
|
Batting: RHB Mike Sebastian
|
0-0: Ball 1-0: Swinging Strike 1-1: Swinging Strike 1-2: Strikes out swinging
|
|
Batting: RHB Eric Angelle
|
0-0: Foul Ball, location: 2F 0-1: Fielders Choice at 2nd, 6-4 (Groundball, 6, EV 108.1 MPH)
|
| Top of the 5th over - 0 runs, 1 hit, 0 errors, 2 left on base; Erie 0 - Akron 1 |
| BOTTOM OF THE 5TH |
|
Akron RubberDucks batting - Pitching for Erie SeaWolves : RHP Jerome Stady
|
|
Batting: LHB Kazuyoshi Nakamura
|
0-0: Ball 1-0: Ball 2-0: Ball 3-0: Called Strike 3-1: Base on Balls
|
|
Batting: SHB Valentin Laporte
|
0-0: Ball 1-0: Foul Ball, location: 2F 1-1: Swinging Strike 1-2: Strikes out looking
|
|
Batting: LHB Esteban Cordova
|
0-0: Ball 1-0: Ball Kazuyoshi Nakamura steals 2nd base (no throw) 2-0: Foul Ball, location: 2F 2-1: Fly out, F7 (Flyball, 7LM, EV 85.0 MPH)
|
|
Batting: SHB Jarrod Lindblad
|
0-0: Ball 1-0: Foul Ball, location: 2F 1-1: Ball 2-1: Ball 3-1: Fly out, F8 (Line Drive, 8RM, EV 94.4 MPH)
|
| Bottom of the 5th over - 0 runs, 0 hits, 0 errors, 1 left on base; Erie 0 - Akron 1 |
| TOP OF THE 6TH |
|
Erie SeaWolves batting - Pitching for Akron RubberDucks : RHP David Matheney
|
|
Batting: RHB Tony Soto
|
0-0: Foul Ball, location: 2F 0-1: Ball 1-1: Ball 2-1: Reached on error, E8 (Flyball, 8LM, EV 92.5 MPH)
|
|
Batting: RHB Adam MacConnell
|
0-0: SINGLE (Groundball, 34, EV 88.1 MPH) (infield hit) Tony Soto to second
|
|
Batting: RHB Carlos Armenteros
|
0-0: Called Strike 0-1: Ball 1-1: SINGLE (Groundball, 34D, EV 95.6 MPH) Tony Soto to third Adam MacConnell to second Runner from 3rd tries for Home, SAFE, throw by RF to home
|
|
Batting: RHB Benny O'Connor
|
0-0: Fly out, F9 (Line Drive, 9LM, EV 103.1 MPH)
|
|
Batting: SHB Sean Foley
|
0-0: Fielders Choice at 2nd, 4-6 (Groundball, 4M, EV 103.8 MPH) Adam MacConnell to third
|
|
Batting: RHB Jose Evangelista
|
0-0: Ball 1-0: Foul Ball, location: 2F 1-1: Ball 2-1: Called Strike 2-2: Ball 3-2: Ground out 4-3 (Groundball, 4, EV 105.6 MPH)
|
| Top of the 6th over - 1 run, 2 hits, 1 error, 2 left on base; Erie 1 - Akron 1 |
| BOTTOM OF THE 6TH |
|
Akron RubberDucks batting - Pitching for Erie SeaWolves : RHP Jerome Stady
|
|
Batting: RHB Justin Lauderdale
|
0-0: SINGLE (Line Drive, 9S, EV 98.1 MPH)
|
|
Batting: RHB Jose Valtierra
|
0-0: Ball 1-0: Ball 2-0: Ball 3-0: Called Strike 3-1: Called Strike 3-2: Base on Balls Justin Lauderdale to second
|
|
Batting: RHB David Matheney
|
0-0: Ball 1-0: Ball 2-0: Called Strike 2-1: Foul Ball, location: 2F 2-2: Ball 3-2: Foul Ball, location: 2F 3-2: Foul Ball, location: 2F 3-2: Foul Ball, location: 2F 3-2: Foul Ball, location: 2F 3-2: SINGLE (Groundball, 6D, EV 94.4 MPH) Justin Lauderdale to third Jose Valtierra to second
|
|
Batting: SHB Javon Mitchell
|
0-0: Ground out 4-3 (Groundball, 34D, EV 98.8 MPH) Justin Lauderdale scores Jose Valtierra to third David Matheney to second
|
|
Batting: LHB Robby Dann
|
0-0: Ball 1-0: Ball 2-0: Swinging Strike 2-1: Foul Ball, location: 2F 2-2: Strikes out swinging
|
|
Batting: LHB Kazuyoshi Nakamura
|
0-0: Ball 1-0: Called Strike 1-1: SINGLE (Line Drive, 4M, EV 98.8 MPH) Jose Valtierra scores David Matheney to third Runner from 3rd tries for Home, SAFE, throw by CF to home
|
|
Pitching: RHP Andy Thoennes
|
|
|
Batting: SHB Valentin Laporte
|
0-0: Ball Kazuyoshi Nakamura steals 2nd base (no throw) 1-0: TRIPLE (Line Drive, 8RXD, EV 103.8 MPH) Kazuyoshi Nakamura scores
|
|
Batting: LHB Esteban Cordova
|
0-0: Called Strike 0-1: Called Strike 0-2: Foul Ball, location: 2F 0-2: Strikes out swinging
|
| Bottom of the 6th over - 4 runs, 4 hits, 0 errors, 1 left on base; Erie 1 - Akron 5 |
| TOP OF THE 7TH |
|
Erie SeaWolves batting - Pitching for Akron RubberDucks : RHP David Matheney
|
|
Now at 1B: Valentin Laporte
|
|
|
Now at 2B: Willie Gonzales
|
|
|
Batting: LHB Nick Nino
|
0-0: Ground out 5-3 (Groundball, 56, EV 89.4 MPH)
|
|
Batting: RHB Mike Sebastian
|
0-0: Swinging Strike 0-1: Called Strike 0-2: Strikes out looking
|
|
Batting: RHB Eric Angelle
|
0-0: Foul Ball, location: 2F 0-1: Ball 1-1: Fly out, F6 (Line Drive, 6, EV 70.0 MPH)
|
| Top of the 7th over - 0 runs, 0 hits, 0 errors, 0 left on base; Erie 1 - Akron 5 |
| BOTTOM OF THE 7TH |
|
Akron RubberDucks batting - Pitching for Erie SeaWolves : RHP Andy Thoennes
|
|
Batting: SHB Jarrod Lindblad
|
0-0: Foul Ball, location: 2F 0-1: Ground out U3 (Groundball, 3S, EV 66.2 MPH)
|
|
Batting: RHB Justin Lauderdale
|
0-0: Foul Ball, location: 2F 0-1: Swinging Strike 0-2: Strikes out looking
|
|
Batting: RHB Jose Valtierra
|
0-0: Ball 1-0: Ball 2-0: Ground out 5-3 (Groundball, 56, EV 84.4 MPH)
|
| Bottom of the 7th over - 0 runs, 0 hits, 0 errors, 0 left on base; Erie 1 - Akron 5 |
| TOP OF THE 8TH |
|
Erie SeaWolves batting - Pitching for Akron RubberDucks : RHP David Matheney
|
|
Now at 1B: Willie Gonzales
|
|
|
Now at 2B: Tristan Wright
|
|
|
Batting: RHB Tony Soto
|
0-0: Foul Ball, location: 2F 0-1: Ball 1-1: Ground out 6-3 (Groundball, 6, EV 83.1 MPH)
|
|
Batting: RHB Adam MacConnell
|
0-0: Foul Ball, location: 2F 0-1: Ball 1-1: DOUBLE (Flyball, 8RXD, EV 108.1 MPH)
|
|
Pitching: RHP Jared Van Heel
|
|
|
Batting: RHB Carlos Armenteros
|
0-0: Ball 1-0: Swinging Strike 1-1: Ball 2-1: Called Strike 2-2: Fly out, F7 (Flyball, 7, EV 86.2 MPH)
|
|
Batting: RHB Benny O'Connor
|
0-0: Foul Ball, location: 2F 0-1: DOUBLE (Line Drive, 9LS, EV 109.4 MPH) Adam MacConnell scores
|
|
Batting: SHB Sean Foley
|
0-0: Ball 1-0: Called Strike 1-1: Ball 2-1: Ground out 6-3 (Groundball, 6, EV 111.2 MPH)
|
| Top of the 8th over - 1 run, 2 hits, 0 errors, 1 left on base; Erie 2 - Akron 5 |
| BOTTOM OF THE 8TH |
|
Akron RubberDucks batting - Pitching for Erie SeaWolves : RHP Andy Thoennes
|
|
Batting: LHB Jesus Romero
|
0-0: Foul Ball, location: 2F 0-1: Ground out U3 (Groundball, 3, EV 87.5 MPH)
|
|
Batting: SHB Javon Mitchell
|
0-0: Called Strike 0-1: Called Strike 0-2: Ground out 1-3 (Groundball, 15S, EV 73.1 MPH)
|
|
Batting: LHB Robby Dann
|
0-0: Ball 1-0: Ball 2-0: TRIPLE (Flyball, 89XD, EV 100.0 MPH)
|
|
Batting: RHB Willie Gonzales
|
0-0: Called Strike 0-1: Called Strike 0-2: Ball 1-2: Foul Ball, location: 2F 1-2: Fly out, F4 (Popup, 34, EV 64.4 MPH)
|
| Bottom of the 8th over - 0 runs, 1 hit, 0 errors, 1 left on base; Erie 2 - Akron 5 |
| TOP OF THE 9TH |
|
Erie SeaWolves batting - Pitching for Akron RubberDucks : RHP Jared Van Heel
|
|
Pitching: RHP Juan Flores
|
|
|
Batting: RHB Jose Evangelista
|
0-0: Called Strike 0-1: Called Strike 0-2: Ball 1-2: Ball 2-2: SINGLE (Line Drive, 89M, EV 93.8 MPH)
|
|
Batting: LHB Nick Nino
|
0-0: Ball 1-0: Called Strike 1-1: Ball 2-1: Ball 3-1: Called Strike 3-2: Foul Ball, location: 2F 3-2: Grounds into double play, 4-6-3 (Groundball, 4, EV 100.6 MPH)
|
|
Pinch Hitting: RHB John Evancho
|
0-0: Ball 1-0: Called Strike 1-1: Ball 2-1: DOUBLE (Groundball, 5L, EV 98.1 MPH)
|
|
Batting: RHB Eric Angelle
|
0-0: Called Strike 0-1: Swinging Strike 0-2: Ball 1-2: Ground out 4-3 (Groundball, 4, EV 84.4 MPH)
|
| Top of the 9th over - 0 runs, 2 hits, 0 errors, 1 left on base; Erie 2 - Akron 5 |
|